 Dungeon Crawl Stone Soup version 0.28-a0-973-ga7f8b01127 (webtiles) character file.

Game seed: 16629587639551972502

178461 demibob the Shatterer (level 17, -20/273 HPs)
             Began as a Troll Berserker on Dec 1, 2021.
             Was a High Priest of Trog.
             Demolished by a reaper (39 damage)
             ... in an ice cave on Dec 2, 2021.
             The game lasted 01:10:23 (29625 turns).

demibob the Shatterer (Troll Berserker)            Turns: 29625, Time: 01:10:24

Health: -20/273    AC: 11    Str: 39    XL:     17   Next: 57%
Magic:  25/25      EV:  9    Int:  7    God:    Trog [*****.]
Gold:   3451       SH:  5    Dex: 11    Spells: 16/16 levels left

rFire   . . .      SeeInvis .   b - +9 giant spiked club of Xevahor {vorpal, rC+ Str+4 Stlth+}
rCold   + + +      Faith    .   (shield currently unavailable)
rNeg    . . .      Spirit   .   d - +0 swamp dragon scales
rPois   +          Reflect  +   (helmet restricted)
rElec   .          Harm     .   p - +1 cloak {rCorr}
rCorr   +          Rampage  .   (gloves unavailable)
Will    +....                   (boots unavailable)
Stlth   ..........              u - amulet of reflection
HPRegen 1.35/turn               C - ring of protection from cold
MPRegen 0.19/turn               j - ring of Wehoar {rPois rC+ MP+9 Str+6}

@: berserking, very quick
A: large, unfitting armour, claws 3, regeneration 1, shaggy fur 1, tough skin 1,
deformed body
a: Renounce Religion, Berserk, Trog's Hand, Brothers in Arms


You were in an ice cave.
You worshipped Trog.
Trog was extremely pleased with you.
You visited 5 branches of the dungeon, and saw 27 of its levels.
You also visited: Bailey, Gauntlet and Ice Cave.

You collected 3718 gold pieces.
You spent 267 gold pieces at shops.


Innate Abilities, Weirdness & Mutations

You are too large for most types of armour.
You have claws for hands.
Your natural rate of healing is unusually fast.
You are covered in fur. (AC +1)
You have tough skin. (AC +1)
Armour fits poorly on your strangely shaped body.


   Skills:
 * Level 14.5 Fighting
 - Level 22.0 Maces & Flails
 + Level 11.9 Armour
 - Level 2.4 Dodging


You had 16 spell levels left.
You didn't know any spells.
Your spell library was empty.

Inventory:

Hand Weapons
 a - a +12 antimagic giant spiked club
 b - the +9 giant spiked club of Xevahor (weapon) {vorpal, rC+ Str+4 Stlth+}
   (Trog gifted it to you on level 12 of the Dungeon)

   It inflicts extra damage upon your enemies.
   Str:       It affects your strength (+4).
   rC:        It protects you from cold.
   Stlth:     It makes you more stealthy.
 z - the +1 eveningstar of the Big Fish {venom, rElec rF- rCorr Stlth+}
   (You found it in a bailey)

   It poisons the flesh of those it strikes.
   rF:        It makes you vulnerable to fire.
   rElec:     It insulates you from electricity.
   rCorr:     It protects you from acid and corrosion.
   Stlth:     It makes you more stealthy.
Missiles
 g - 26 boomerangs (quivered)
 o - 36 poisoned darts
 q - 6 curare-tipped darts {=f}
 w - 7 throwing nets {=f}
 H - 23 large rocks {=f}
Armour
 c - a scarf of resistance
 d - +0 swamp dragon scales (worn)
 p - a +1 cloak of preservation (worn)
Jewellery
 e - a +4 ring of evasion
 j - the ring of Wehoar (right claw) {rPois rC+ MP+9 Str+6}
   (You found it in a Gauntlet)

   [ring of strength]

   Str:       It affects your strength (+6).
   rC:        It protects you from cold.
   rPois:     It protects you from poison.
   MP:        It affects your magic capacity (+9).
 u - an amulet of reflection (around neck)
 v - a ring of see invisible
 C - a ring of protection from cold (left claw)
 E - a +4 ring of evasion
 F - a ring of fire
 N - a ring of positive energy
 R - a ring of resist corrosion
 T - an amulet of faith {!P}
 W - a ring of willpower
 Y - a +4 ring of slaying
Wands
 k - a wand of iceblast (4)
 t - a wand of flame (47)
 G - a wand of polymorph (8)
 I - a wand of acid (8)
 P - a wand of paralysis (5)
Scrolls
 h - 2 scrolls of teleportation {@r2}
 i - 3 scrolls of fog
 m - 8 scrolls of identify {@r1}
 x - a scroll of torment
 J - a scroll of summoning
 O - 6 scrolls of enchant weapon
 Q - a scroll of brand weapon
Potions
 f - 6 potions of attraction
 l - 11 potions of curing {@q1}
 n - 2 potions of haste {@q3}
 r - 2 potions of might
 A - 2 potions of berserk rage {!q}
 B - 2 potions of magic
 L - 2 potions of ambrosia
 M - 8 potions of flight
Miscellaneous
 K - a box of beasts (inert)

Dungeon Overview and Level Annotations

Branches:
Dungeon (15/15)            Temple (0/1) D:7            Lair (6/6) D:10
 Shoals (0/4) Lair:3       Spider (2/4) Lair:3        Slime (0/5) Lair:6
    Orc (2/2) D:10            Elf (2/3) Orc:2        Vaults (0/5) D:14
 Depths (0/4) D:15         Bailey (visited)           IceCv (1/1)
Gauntlet (visited)

Altars:
Dithmenos
Hepliaklqana
Makhleb
Nemelex Xobeh
Qazlal
Ru
Trog
Uskayaw
Wu Jian
Zin
Jiyva

Shops:
D:3 (   D:6 *   D:10 (   Orc:2 ?([[

Portals:
Trove: D:13 (give +5 demon blade)

▒▒▒ ### ?=$ ##.. ...
##..∩ ▒▒▒.▒▒▒ #....
▒▒▒.....▒▒▒ #...∩
###....2.##.## ##...
.....#@T....# ##..
....#)...#### ##..
....###..#.Z###...
#...
...........#........
#...
......##......##....
##..
....#..##......###..
##.
#.......#........# .
##
#...#..####..##....
##.
#.☼.......##....#
#..


You could see a reaper (ally target), an ettin simulacrum and a friendly troll
(summoned, berserk).


Message History

The reaper hits your ogre with a +2 scythe of freezing!!
The reaper freezes your ogre.
Your ogre dies!
Your ogre's corpse disappears in a puff of smoke!
The reaper hits you from afar with a +1 scythe of freezing!
* * * LOW HITPOINT WARNING * * *
Your troll bites the caustic shrike simulacrum!
The caustic shrike simulacrum vaporises!
Trog accepts your kill.
An ettin simulacrum comes into view.
Unknown command.
Really walk into that cloud of freezing vapour?
Okay, then.
You barely miss the reaper.
The reaper is severely wounded.
You bludgeon the reaper!!
You kill the reaper!
Trog accepts your kill. The reaper closely misses you.
The reaper hits you with a +1 scythe of freezing!!
* * * LOW HITPOINT WARNING * * *
Things that are here:
a +0 scythe of freezing; a +1 robe of cold resistance; a ring of protection from cold You impale the reaper!!
The reaper is heavily wounded.
Your troll is engulfed in freezing vapours.
You sock the reaper!
The reaper is severely wounded.
The reaper hits you with a +1 scythe of freezing!!!
You die...

Skill      XL: |  1  2  3  4  5  6  7  8  9 10 11 12 13 14 15 16 17 |
---------------+----------------------------------------------------+-----
Maces & Flails | 3 4 6 7 9 11 13 15 17 18 20 21 22 | 22.0
Armour         | 1 5 7 8 11 | 11.9
Fighting       | 5 8 10 13 14 | 14.5
Dodging        | |  2.4

Action                   |  1- 3 |  4- 6 |  7- 9 | 10-12 | 13-15 | 16-18 || total
-------------------------+-------+-------+-------+-------+-------+-------++-------
Melee: Mace              |   169 |    53 |       |       |       |       ||   222
       Flail             |       |    46 |   348 |   520 |       |       ||   914
       Giant spiked club |       |       |       |   213 |   981 |   568 ||  1762
Throw: Boomerang         |       |       |       |     3 |     3 |       ||     6
Invok: Berserk           |       |     4 |     5 |     7 |     6 |     4 ||    26
       Trog's Hand       |       |       |     1 |     1 |     6 |     3 ||    11
       Brothers in Arms  |       |       |       |     2 |     6 |     6 ||    14
Evoke: Wand              |       |       |       |     6 |     7 |     1 ||    14
       Box of beasts     |       |       |       |       |       |     1 ||     1
  Use: Scroll            |       |     4 |    10 |    11 |    16 |     5 ||    46
       Potion            |       |       |     1 |     6 |     6 |     3 ||    16
 Stab: Sleeping          |     1 |     1 |     2 |       |       |       ||     4
       Paralysed         |       |       |       |     4 |       |       ||     4
       Invisible         |       |       |       |       |     2 |       ||     2
       Distracted        |       |       |       |       |       |     2 ||     2
Armor: Animal skin       |    88 |    43 |    69 |       |       |       ||   200
       Robe              |       |       |    77 |       |       |       ||    77
       Steam dragon scal |       |       |     4 |    38 |       |       ||    42
       Swamp dragon scal |       |       |       |   292 |   431 |   196 ||   919
Dodge: Dodged            |   139 |    39 |   170 |   316 |   365 |   181 ||  1210
Block: Other             |       |       |    35 |   172 |   173 |    92 ||   472
       Reflection        |       |       |     2 |     8 |    11 |     2 ||    23

Levels and vault maps discovered:
D:1:      ncdulo_watergridlock, layout_basic,
          hellmonk_ecumenical_altar_heavens_door
D:2:      layout_basic
D:3:      minmay_door_path, layout_loops_ring,
          mainiacjoe_overflow_catch_the_wave, serial_shops,
          nicolae_shop_advertising_works [nicolae_subvault_shop_adworks],
          uniq_sigmund, uniq_grinder
D:4:      minmay_recursive_quarters, layout_basic, makhleb_heckhound_becter,
          minmay_misc_feat_room
D:5:      layout_layer_cave, mainiacjoe_overflow_chevrons, minmay_mini_ossuary,
          uniq_blork_the_orc
D:6:      layout_gridville, nicolae_qazlal_scattered_showers, serial_shops,
          nicolae_shop_stone, hangedman_decor_clover_reticule
D:7:      minmay_the_grid_octo_2x2 [minmay_the_grid_octo_vomiting_pacman,
          minmay_the_grid_octo_chip, minmay_the_grid_octo_focus,
          minmay_the_grid_octo_prize_star], layout_loops_ring,
          minmay_temple_entry_overgrown, grunt_ministairs_8, uniq_maggie
D:8:      lemuel_bear_cage, layout_loops_cross
D:9:      layout_stronghold, worldfamousw_hep_ancestral_shrine,
          nicolae_ru_path_of_blood, kennysheep_generic_room_4
D:10:     layout_irregular_city, zin_statuary, due_lair_maze_entry_diamond,
          orc_david_3, enter_bailey_6, uniq_psyche
D:11:     layout_rooms
D:12:     layout_roguey, serial_undead, serial_undead_e, serial_undead_f,
          serial_undead_f, serial_undead_b, serial_undead_a, serial_undead_f,
          minivault_13, uniq_josephine
D:13:     layout_cave_pools, nicolae_trove_entry_free_sample
D:14:     layout_basic, lightli_vaults_fourway_checkpoint,
          gauntlet_entry_generic, serial_bayou_lagoon_a
D:15:     hangedman_depths_entry_try_elsewhere_first, layout_loops_corners,
          nicolae_uskayaw_en_pointe, serial_bayou_pond_e
Lair:1:   layout_roguey, grunt_megastairs_5, lemuel_fruit_fields, uniq_fannar
Lair:2:   layout_hall_layers, basic_altar
Lair:3:   layout_regular_city, elwin_shoals_entry_stream, dummy_spider_entry,
          minivault_11
Lair:4:   layout_regular_city, infiniplex_staircase_pool_2, grunt_megastairs_2
Lair:5:   layout_loops_ring, nicolae_volcano_entry_hallway, uniq_sonja
Lair:6:   evilmike_catoblepas_cave, layout_big_grid, slime_altar_1,
          lemuel_fruit_tree
Spider:1: layout_chambers, uniq_louise
Spider:2: layout_spider_delve, nicolae_spider_some_kinda_spiderbox, uniq_arachne
Orc:1:    cheibrodos_orc_guarddog, layout_caves
Orc:2:    st_orc_pillars, layout_caves, uniq_rupert
Elf:1:    nicolae_elf_arrival_no_cutting_in_line, layout_loops_corners,
          minmay_elf_sorcery
Elf:2:    elven_hall_of_blades_hangedman_alternative
          [nicolae_vaults_blade_armed_guards], layout_loops_corners,
          portal_ice_cave_entry_pillars_four, serial_shops,
          nicolae_stop_n_shop_2, minmay_misc_feat_ornament, dk_noncrumbling_2,
          uniq_nikola
IceCv:    ice_cave_small_demon

Notes
Turn   | Place    | Note
-------+----------+-------------------------------------------
     0 | D:1      | demibob the Troll Berserker began the quest for the Orb.
     0 | D:1      | Reached XP level 1. HP: 22/22 MP: 0/0
   109 | D:1      | Reached skill level 3 in Maces & Flails
   154 | D:1      | Reached XP level 2. HP: 29/29 MP: 1/1
   286 | D:1      | Found a faded altar of an unknown god.
   622 | D:2      | Reached XP level 3. HP: 18/36 MP: 2/2
   717 | D:2      | Reached skill level 4 in Maces & Flails
   914 | D:2      | Reached ** piety under Trog
  1189 | D:2      | Reached XP level 4. HP: 44/44 MP: 3/3
  1491 | D:3      | Found a bloodstained altar of Trog.
  1582 | D:3      | Reached skill level 5 in Maces & Flails
  1815 | D:3      | Found Yboppah's Weapon Shoppe.
  1820 | D:3      | Bought a +2 flail of protection for 162 gold pieces
  1856 | D:3      | Noticed Sigmund
  1878 | D:3      | Killed Sigmund
  1879 | D:3      | Reached skill level 6 in Maces & Flails
  1879 | D:3      | Reached XP level 5. HP: 38/50 MP: 4/4
  1879 | D:3      | Reached XP level 6. HP: 45/59 MP: 5/5
  1901 | D:3      | Found a sparkling altar of Nemelex Xobeh.
  1961 | D:3      | Noticed Grinder
  1967 | D:3      | Paralysed by Grinder for 2 turns
  1974 | D:3      | Killed Grinder
  1975 | D:3      | Reached skill level 7 in Maces & Flails
  2011 | D:3      | Noticed a water moccasin
  2020 | D:3      | Killed a water moccasin
  2021 | D:3      | Reached XP level 7. HP: 59/66 MP: 6/6
  2320 | D:4      | Reached skill level 8 in Maces & Flails
  2504 | D:4      | Reached skill level 9 in Maces & Flails
  2504 | D:4      | Reached XP level 8. HP: 74/74 MP: 7/7
  2505 | D:4      | Reached *** piety under Trog
  2698 | D:4      | Found a burning altar of Makhleb.
  3248 | D:5      | Entered Level 5 of the Dungeon
  3362 | D:5      | Reached skill level 10 in Maces & Flails
  3423 | D:5      | Noticed Blork the orc
  3432 | D:5      | Killed Blork the orc
  3685 | D:5      | Found a shadowy altar of Dithmenos.
  4115 | D:5      | Reached skill level 11 in Maces & Flails
  4115 | D:5      | Reached XP level 9. HP: 79/80 MP: 8/8
  4527 | D:6      | Reached **** piety under Trog
  4602 | D:6      | Found a stormy altar of Qazlal.
  4704 | D:6      | Reached skill level 12 in Maces & Flails
  5136 | D:6      | Found Juamnuy's General Store.
  5144 | D:6      | Bought a scroll of blinking for 105 gold pieces
  5335 | D:7      | Noticed a deep elf pyromancer
  5352 | D:7      | Killed a deep elf pyromancer
  5353 | D:7      | Reached skill level 13 in Maces & Flails
  5565 | D:7      | Reached XP level 10. HP: 86/88 MP: 9/9
  5571 | D:7      | Identified the +12 war axe "Olasm" {drain, rF++ MP+9 SInv}
  5593 | D:7      | Noticed a cyclops
  5754 | D:7      | Killed a cyclops
  5755 | D:7      | Reached skill level 14 in Maces & Flails
  5857 | D:7      | Noticed Maggie
  5878 | D:7      | Killed Maggie
  5925 | D:7      | Found a staircase to the Ecumenical Temple.
  6381 | D:7      | Reached skill level 15 in Maces & Flails
  6774 | D:8      | Reached skill level 1 in Armour
  6865 | D:8      | Found a huge runed translucent gate.
  6865 | D:8      | Found a huge runed translucent gate.
  6870 | D:8      | Reached XP level 11. HP: 94/94 MP: 10/10
  6877 | D:8      | Found a huge runed translucent gate.
  6878 | D:8      | Found a huge runed translucent gate.
  7343 | D:8      | Reached skill level 2 in Armour
  7360 | D:8      | Reached ***** piety under Trog
  7514 | D:9      | Reached skill level 3 in Armour
  7514 | D:9      | Noticed a two-headed ogre
  7522 | D:9      | Killed a two-headed ogre
  7523 | D:9      | Reached skill level 16 in Maces & Flails
  7664 | D:9      | Found a sacrificial altar of Ru.
  8186 | D:9      | Found a hazy altar of Hepliaklqana.
  8547 | D:10     | Entered Level 10 of the Dungeon
  8549 | D:10     | Found a staircase to the Lair.
  8553 | D:10     | Noticed Psyche
  8691 | D:10     | Reached skill level 4 in Armour
  8780 | D:10     | Found a flagged portal.
  8788 | Bailey   | Entered a bailey
  9314 | Bailey   | Identified the +1 eveningstar of the Big Fish {venom, rElec
                  | rF- rCorr Stlth+}
  9468 | D:10     | Received a gift from Trog
  9893 | D:10     | Found a staircase to the Orcish Mines.
  9897 | D:10     | Found Oddaceb's Weapon Emporium.
  9979 | D:10     | Found a glowing silver altar of Zin.
 10178 | Lair:1   | Entered Level 1 of the Lair of Beasts
 10240 | Lair:1   | Reached skill level 5 in Armour
 10243 | Lair:1   | Reached skill level 17 in Maces & Flails
 10243 | Lair:1   | Reached XP level 12. HP: 66/104 MP: 3/11
 10597 | Lair:1   | Noticed an eight-headed hydra
 10603 | Lair:1   | Killed an eight-headed hydra
 10726 | Lair:1   | Reached skill level 6 in Armour
 10869 | Lair:1   | Noticed an eight-headed hydra
 10874 | Lair:1   | Killed an eight-headed hydra
 11529 | Lair:2   | Found an ornate altar of the Wu Jian Council.
 12028 | Lair:3   | Reached skill level 18 in Maces & Flails
 12052 | Lair:3   | Found a staircase to the Shoals.
 12064 | Lair:3   | Found a hole to the Spider Nest.
 12086 | Lair:3   | Reached skill level 7 in Armour
 12313 | Lair:3   | Reached XP level 13. HP: 109/110 MP: 4/12
 12791 | Lair:4   | Identified the +1 leather armour of Tituc {rC+ Str+4 Int+2}
 13166 | Lair:4   | Reached skill level 3 in Fighting
 13723 | Lair:5   | Noticed Sonja
 13962 | Lair:5   | Killed Sonja
 14264 | Lair:5   | Reached skill level 19 in Maces & Flails
 14386 | Lair:5   | Reached skill level 4 in Fighting
 14593 | Lair:6   | Entered Level 6 of the Lair of Beasts
 14598 | Lair:6   | Found a staircase to the Slime Pits.
 14599 | Lair:6   | Found a viscous altar of Jiyva.
 15035 | Lair:6   | Reached skill level 5 in Fighting
 15499 | Lair:6   | Reached skill level 20 in Maces & Flails
 15499 | Lair:6   | Reached XP level 14. HP: 90/128 MP: 4/13
 15513 | Lair:6   | Received a gift from Trog
 15644 | Lair:6   | Reached skill level 6 in Fighting
 16788 | D:12     | Reached skill level 7 in Fighting
 17004 | D:12     | Identified the +8 dagger of the Glimmering Oracle {protect,
                  | Str+3 SInv}
 17038 | D:12     | Noticed Josephine
 17051 | D:12     | Killed Josephine
 17418 | D:12     | Found a runed translucent door.
 17431 | D:12     | Reached skill level 21 in Maces & Flails
 17450 | D:12     | Noticed a fire giant
 17464 | D:12     | Killed a fire giant
 17836 | D:12     | Identified the +9 giant spiked club of Xevahor {vorpal, rC+
                  | Str+4 Stlth+} (Trog gifted it to you on level 12 of the
                  | Dungeon)
 17836 | D:12     | Received a gift from Trog
 17937 | D:12     | Reached skill level 8 in Fighting
 18327 | D:13     | Found a portal to a secret trove of treasure.
 18724 | D:14     | Reached XP level 15. HP: 113/143 MP: 14/14
 18732 | D:14     | Found a gate leading to a gauntlet.
 18741 | Gauntlet | Entered a Gauntlet
 18741 | Gauntlet | Found a transporter.
 18741 | Gauntlet | Found a transporter.
 18762 | Gauntlet | Found a transporter.
 18777 | Gauntlet | Found a runed translucent door.
 18780 | Gauntlet | Found a transporter.
 18780 | Gauntlet | Found a transporter.
 18782 | Gauntlet | Found a transporter.
 18782 | Gauntlet | Found a transporter.
 18794 | Gauntlet | Found a transporter.
 18810 | Gauntlet | Found a transporter.
 18820 | Gauntlet | Found a transporter.
 18835 | Gauntlet | Found a transporter.
 18854 | Gauntlet | Found a transporter.
 18854 | Gauntlet | Found a transporter.
 18862 | Gauntlet | Found a runed translucent door.
 18862 | Gauntlet | Found a runed translucent door.
 18866 | Gauntlet | Found a transporter.
 19076 | Gauntlet | Identified the ring of Wehoar {rPois rC+ MP+9 Str+6}
 19473 | D:14     | Found a gate to the Vaults.
 19546 | D:14     | Reached skill level 9 in Fighting
 19547 | D:14     | Reached skill level 22 in Maces & Flails
 20260 | Orc:1    | Entered Level 1 of the Orcish Mines
 20337 | D:10     | Received a gift from Trog
 20500 | Orc:1    | Gained mutation: Armour fits poorly on your strangely
                  | shaped body. [a neqoxec]
 20924 | Orc:2    | Entered Level 2 of the Orcish Mines
 21025 | Orc:1    | Reached skill level 10 in Fighting
 21536 | Orc:2    | Reached skill level 8 in Armour
 21556 | Orc:2    | Received a gift from Trog
 21963 | Orc:2    | Found a staircase to the Elven Halls.
 22118 | Orc:2    | Noticed Rupert
 22132 | Orc:2    | Killed Rupert
 22319 | Orc:2    | Found Jickib's Magic Scroll Boutique.
 22320 | Orc:2    | Found Refikkio's Antique Armour Boutique.
 22320 | Orc:2    | Found Nextaone's Weapon Shop.
 22321 | Orc:2    | Found Yzoimong's Antique Armour Boutique.
 22486 | D:10     | Killed Psyche
 22609 | D:15     | Entered Level 15 of the Dungeon
 22646 | D:15     | Found a hide-covered altar of Uskayaw.
 22872 | D:15     | Reached XP level 16. HP: 152/161 MP: 15/15
 22935 | D:15     | Reached skill level 9 in Armour
 23389 | D:15     | Reached skill level 11 in Fighting
 23391 | D:15     | Received a gift from Trog
 23554 | D:15     | Found a staircase to the Depths.
 23750 | D:15     | >>welp fuck lol
 23899 | Lair:1   | Noticed Fannar
 23900 | Lair:1   | >>what
 23900 | Lair:1   | >>how
 23909 | Lair:1   | Killed Fannar
 23912 | Lair:1   | >>okay
 23942 | Spider:1 | Entered Level 1 of the Spider Nest
 24311 | Spider:1 | Reached skill level 10 in Armour
 24805 | Spider:1 | Noticed Louise
 24815 | Spider:1 | Killed Louise
 25356 | Spider:2 | Reached skill level 12 in Fighting
 25370 | Spider:2 | Received a gift from Trog
 25735 | Spider:2 | Noticed Arachne
 25758 | Spider:2 | Killed Arachne
 26030 | Spider:2 | HP: 13/167 [wolf spider (19)]
 26415 | Elf:1    | Entered Level 1 of the Elven Halls
 26422 | Elf:1    | Paralysed by an orc sorcerer for 6 turns
 26668 | Elf:1    | Reached skill level 13 in Fighting
 26749 | Elf:1    | Reached skill level 11 in Armour
 26944 | Elf:1    | Paralysed by an air elemental for 1 turns
 26956 | Elf:1    | Reached XP level 17. HP: 101/176 MP: 0/16
 27255 | Elf:1    | Paralysed by an air elemental for 1 turns
 27535 | Elf:1    | Received a gift from Trog
 27535 | Elf:1    | Paralysed by an air elemental for 1 turns
 28081 | Elf:1    | Identified the +4 ring mail of Acsam {rPois rN+ Dex+4
                  | Stlth+}
 28424 | Elf:2    | Found a huge runed translucent gate.
 28424 | Elf:2    | Found a huge runed translucent gate.
 28424 | Elf:2    | Found a huge runed translucent gate.
 28424 | Elf:2    | Found a huge runed translucent gate.
 28424 | Elf:2    | Found a huge runed translucent gate.
 28700 | Elf:2    | Reached skill level 14 in Fighting
 28814 | Elf:2    | Found a frozen archway.
 28818 | IceCv    | Entered an ice cave
 29029 | IceCv    | HP: 24/270 [deep troll simulacrum (5)]
 29030 | IceCv    | HP: 10/270 [deep troll simulacrum (3)]
 29164 | IceCv    | >>ow
 29438 | IceCv    | Identified a scarf of resistance
 29623 | IceCv    | HP: 18/273 [reaper (28)]
 29625 | IceCv    | Demolished by a reaper

Vanquished Creatures
  Rupert (Orc:2)
  A deep elf sorcerer (Elf:1)
  A fire giant (D:12)
  A deep elf elementalist (Elf:1)
  3 reapers (IceCv)
  An entropy weaver (Spider:2)
  A deep elf annihilator (D:12)
  A minotaur (Gauntlet)
  A spark wasp (Spider:1)
  A deep elf death mage (Elf:1)
  Josephine (D:12)
  A yaktaur captain (D:12)
  Fannar (Lair:1)
  An ogre mage (D:15)
  8 hydras
  6 boulder beetles
  2 vault guards (D:14)
  4 catoblepae
  3 centaur warriors
  2 death knights
  12 two-headed ogres
  5 death yaks (Lair:6)
  4 dancing weapons
  3 tengu warriors
  15 deep elf knights
  6 orc high priests
  Sonja (Lair:5)
  6 skeletal warriors (D:12)
  6 deep elf archers
  An obsidian statue (IceCv)
  A sea snake (shapeshifter) (Elf:1)
  A bog body (IceCv)
  6 orc knights (Orc:2)
  An orb spider (shapeshifter) (D:14)
  18 ugly things
  4 manticores
  17 deep elf zephyrmancers
  10 orc sorcerers
  13 wolf spiders
  18 deep elf pyromancers
  7 cyclopes
  4 orb spiders
  22 elephants
  3 black mambas
  A salamander (D:15)
  6 centaur zombies
  2 merfolk sirens (Lair:3)
  A torpor snail (Spider:2)
  2 cane toads (shapeshifter)
  2 gargoyles (Gauntlet)
  8 cane toads
  Maggie (D:7)
  6 komodo dragons
  Psyche (D:10)
  A hellion (Gauntlet)
  A yaktaur (D:12)
  5 demonic crawlers (Spider:1)
  2 unseen horrors
  4 rime drakes
  2 ice devils (IceCv)
  A queen bee (Gauntlet)
  An entropy weaver simulacrum (IceCv)
  A golden dragon simulacrum (IceCv)
  10 freezing wraiths
  5 polar bears
  13 jumping spiders
  A merfolk (Lair:3)
  9 trolls
  Grinder (D:3)
  5 hornets
  10 slime creatures
  5 dream sheep
  9 blink frogs
  Sigmund (D:3)
  2 meliai zombies
  A centaur simulacrum (D:15)
  3 air elementals (Elf:1)
  A shadow (D:9)
  3 spriggan simulacra (IceCv)
  4 wyverns
  12 tarantellas
  7 wraiths
  2 vampires
  2 water elementals (Elf:1)
  A hog (D:8)
  28 redbacks
  A golden eye (shapeshifter) (D:15)
  59 yaks
  5 basilisks
  2 steam dragons (D:7)
  2 acid dragons
  3 minotaur simulacra (IceCv)
  9 vampire mosquitoes
  A harpy simulacrum (IceCv)
  7 wargs
  16 water moccasins
  2 ice beasts (D:7)
  32 orc warriors
  7 black bears
  2 alligator simulacra (IceCv)
  12 ogres
  5 necrophages
  A sky beast (D:8)
  6 wolves (Lair:1)
  A boggart (D:12)
  22 centaurs
  4 kobold brigands
  Blork the orc (D:5)
  A deep troll simulacrum (IceCv)
  An earth elemental (Elf:1)
  8 gnoll sergeants (Bailey)
  15 bullfrogs
  A wyvern zombie (D:5)
  3 scorpions
  A water moccasin skeleton (D:4)
  10 killer bees
  5 wights (D:12)
  A lindwurm simulacrum (IceCv)
  4 howler monkeys
  An electric eel (D:12)
  7 hounds
  3 bullfrog skeletons
  2 bullfrog zombies
  2 jellies (D:7)
  34 orc priests
  A centaur skeleton (D:6)
  7 gnoll shamans
  3 iguanas
  19 orc wizards
  A scorpion zombie (D:5)
  A killer bee zombie (D:7)
  A hound skeleton (D:4)
  3 mummies
  34 gnolls
  10 adders
  3 shadow imps
  3 white imps
  An ufetubus (D:7)
  2 worms
  3 dart slugs
  86 orcs
  6 endoplasms
  3 giant cockroaches
  8 goblins
  11 hobgoblins
  4 jackals (D:2)
  8 quokkas
  8 ball pythons
  9 bats
  3 frilled lizards
  16 kobolds
  3 kobold zombies (D:5)
  An orc zombie (D:5)
  8 rats
973 creatures vanquished.

Vanquished Creatures (collateral kills)
  Arachne (Spider:2)
  Louise (Spider:1)
  A hydra (D:14)
  2 vault guards (D:14)
  A caustic shrike simulacrum (IceCv)
  A death knight (D:14)
  A deep elf knight (Elf:2)
  An orc knight (Orc:2)
  2 ugly things (D:14)
  2 cane toads (Lair:3)
  A komodo dragon (Lair:5)
  2 jumping spiders (Spider:1)
  3 blink frogs (Lair:3)
  A tarantella (Spider:1)
  4 orc warriors (Orc:2)
  3 deep troll simulacra (IceCv)
  4 gnolls (Bailey)
  An orc (Orc:2)
32 creatures vanquished.

Vanquished Creatures (others)
  2 orc warriors (Orc:2)
  A demonic plant (Gauntlet)
  57 fungi
  75 plants
  7 withered plants (D:12)
142 creatures vanquished.

Grand Total: 1147 creatures vanquished

Table legend: (Time is in decaauts)
 A = Elapsed time spent in this place.
 B = Non-inter-level travel time spent in this place.
 C = Inter-level travel time spent in this place.
 D = Time resting spent in this place.
 E = Time spent auto-exploring this place.
 F = Levels seen in this place.
 G = Mean time per level.
                   A        B        C        D        E       F      G
               +--------+--------+--------+--------+--------+-----+--------+
         Total |  29395 |  27963 |   1432 |   4499 |  17278 |  30 |  979.8 |
       Dungeon |  14766 |  13929 |    837 |   1431 |   9366 |  15 |  984.4 |
          Lair |   6076 |   5706 |    370 |    663 |   3987 |   6 | 1012.7 |
   Spider Nest |   2320 |   2273 |     47 |    770 |   1054 |   2 | 1160.0 |
  Orcish Mines |   2017 |   1864 |    153 |    299 |   1051 |   2 | 1008.5 |
   Elven Halls |   2346 |   2323 |     23 |    724 |   1153 |   2 | 1173.0 |
        Bailey |    604 |    604 |      0 |    177 |    252 |   1 |  604.0 |
      Ice Cave |    811 |    811 |      0 |    390 |    222 |   1 |  811.0 |
      Gauntlet |    452 |    452 |      0 |     42 |    192 |   1 |  452.0 |
               +--------+--------+--------+--------+--------+-----+--------+

Top non-repeatable levels by time:
   Elf:1: 1870 daAuts
Spider:1: 1678 daAuts
  Lair:6: 1412 daAuts
    D:12: 1365 daAuts
    D:10: 1243 daAuts
     D:6: 1188 daAuts
     D:5: 1171 daAuts
    D:15: 1147 daAuts
   Orc:2: 1142 daAuts
  Lair:4: 1096 daAuts
     D:9: 1072 daAuts
     D:4: 979 daAuts
     D:7: 964 daAuts
    D:14: 959 daAuts
  Lair:1: 955 daAuts

Table legend:
 A = Non-vault XP
 B = Vault XP
 C = Vault XP percentage of total XP
 D = Non-vault monster count
 E = Vault monster count
 F = Vault count percentage of total count
                 A         B        C        D         E       F
            +---------+---------+-------+---------+---------+-------
      Total |  164777 |   93876 |  36.3 |     690 |     315 |  31.3
            +---------+---------+-------+---------+---------+-------
        D:1 |      26 |       0 |   0.0 |      17 |       0 |   0.0
        D:2 |      82 |       0 |   0.0 |      28 |       0 |   0.0
        D:3 |      93 |     668 |  87.8 |      23 |       4 |  14.8
        D:4 |     660 |     216 |  24.7 |      36 |       9 |  20.0
        D:5 |    1184 |     114 |   8.8 |      11 |       6 |  35.3
        D:6 |    1003 |       0 |   0.0 |      27 |       0 |   0.0
        D:7 |    1090 |    4188 |  79.3 |      13 |      27 |  67.5
        D:8 |    1871 |    2862 |  60.5 |      28 |      14 |  33.3
        D:9 |    1891 |      61 |   3.1 |      17 |       1 |   5.6
       D:10 |    3486 |    2337 |  40.1 |      34 |      16 |  32.0
       D:11 |    5497 |       0 |   0.0 |      21 |       0 |   0.0
       D:12 |   13881 |    7144 |  34.0 |      40 |      21 |  34.4
       D:13 |    4952 |       0 |   0.0 |      11 |       0 |   0.0
       D:14 |   13669 |    7355 |  35.0 |      24 |      12 |  33.3
       D:15 |   14649 |    1766 |  10.8 |      27 |       4 |  12.9
     Lair:1 |    6942 |    1802 |  20.6 |      29 |       4 |  12.1
     Lair:2 |    2524 |       0 |   0.0 |      12 |       0 |   0.0
     Lair:3 |    6163 |    1238 |  16.7 |      20 |       3 |  13.0
     Lair:4 |    3874 |     411 |   9.6 |      11 |       1 |   8.3
     Lair:5 |    3886 |     772 |  16.6 |      11 |       1 |   8.3
     Lair:6 |   13255 |   10360 |  43.9 |      39 |      23 |  37.1
   Spider:1 |   17741 |    3252 |  15.5 |      57 |       5 |   8.1
   Spider:2 |    7853 |    3161 |  28.7 |      22 |       3 |  12.0
      Orc:1 |    4473 |     549 |  10.9 |      47 |       4 |   7.8
      Orc:2 |    4186 |   11991 |  74.1 |      36 |      56 |  60.9
      Elf:1 |   18365 |   13200 |  41.8 |      31 |      21 |  40.4
      Elf:2 |   11481 |    3417 |  22.9 |      18 |       5 |  21.7
     Bailey |       0 |    1209 | 100.0 |       0 |      30 | 100.0
      IceCv |       0 |   12051 | 100.0 |       0 |      33 | 100.0
   Gauntlet |       0 |    3752 | 100.0 |       0 |      12 | 100.0
            +---------+---------+-------+---------+---------+-------
